 Dungeon Crawl Stone Soup version bcrawl-1.21.3 (webtiles) character file.

Game seed: 3294545928601522839

719 funkygono the Destroyer (level 7, -3/42 HPs)
             Began as a Fairy Conjurer on Apr 4, 2020.
             Killed from afar by Dowan (5 damage)
             ... with a puff of flame
             ... on level 4 of the Dungeon.
             The game lasted 00:07:53 (3199 turns).

funkygono the Destroyer (Fairy Conjurer)            Turns: 3199, Time: 00:07:53

Health: -3/42      AC:  5    Str:  6    XL:     7   Next: 70%
Magic:  3/19       EV: 17    Int: 21    God:
Gold:   188        SH:  5    Dex: 12    Spells: 14/20 levels left

rFire    + . .     SeeInvis .   j - +0 short sword
rCold    . . .     Gourm    .   (shield restricted)
rNeg     . . .     Faith    .   (armour unavailable)
rPois    .         Spirit   .   (no helmet)
rElec    .         Reflect  .   (no cloak)
rCorr    .         Harm     .   (no gloves)
MR       .....                  (no boots)
Stlth    +.........             r - amulet of magic regeneration
HPRegen  0.14/turn              n - ring of protection from fire
MPRegen  0.41/turn              (no ring)

@: lethally poisoned (-3 -> -6), sluggish, flying evasively, very slow
A: small, magic attunement, unstealthy, unfitting armour, able to fly, AC/SH +5
a: Stop Flying


You were on level 4 of the Dungeon.
You were very full.

You visited 1 branch of the dungeon, and saw 4 of its levels.

You collected 188 gold pieces.

Inventory:

Hand Weapons
 j - a +0 short sword (weapon)
Missiles
 c - a throwing net {!f}
 d - 1007 stones (quivered)
Armour
 h - a +0 cloak
Jewellery
 f - an uncursed amulet of the gourmand
 n - a ring of protection from fire (left hand)
 r - an amulet of magic regeneration (around neck)
Scrolls
 k - a scroll of remove curse
 s - a scroll of teleportation
 t - a scroll of fear {unknown}
 u - a scroll of identify
Potions
 b - a potion of magic
 g - 2 potions of mutation
 l - a potion of invisibility
 m - 2 potions of berserk rage
 o - a potion of flight
 p - 2 potions of might
Comestibles
 e - 5 rations {!d}


   Skills:
 + Level 0.6 Fighting
 + Level 3.6 Dodging
 + Level 1.7 Stealth
 + Level 7.0 Spellcasting
 + Level 8.3 Conjurations


You had 14 spell levels left.
You knew the following spells:

 Your Spells              Type           Power        Failure   Level  Hunger
a - Magic Dart            Conj           ####         1%          1    None
b - Searing Ray           Conj           #####...     1%          2    None
c - Iskenderun's Mystic   Conj           #####...     1%          3    None

Your spell library contained the following spells:

 Spells                   Type           Power        Failure   Level  Hunger
 Fulminant Prism          Conj/Hex       ####......   16%         4    None
 Irradiate                Conj/Tmut      ####......   41%         5    None


Dungeon Overview and Level Annotations

Branches:
Dungeon (4/12)
 Temple: D:4-7

Altars:
Ashenzari
Hepliaklqana
Nemelex Xobeh
Ru
Zin

Annotations:
D:4 Dowan, Duvessa


Innate Abilities, Weirdness & Mutations

Your spells do not cause hunger and MP costs are reduced by 1.
Your bright wings attract enemies. (Stealth-)
You cannot fit into any form of body armour.
Your shimmering scales are hard and can block incoming attacks. (AC +5, SH +5)
You are small and have problems with some larger weapons.
You can fly continuously.


Message History

Unknown command.
It was a potion of invisibility.
You fade into invisibility!
* * * LOW HITPOINT WARNING * * *
You feel sick. Dowan barely misses you.
The crimson imp laughs crazily.
Duvessa barely misses you.
You are very lightly contaminated with residual magic.
Okay, then.
Okay, then.
It was a potion of haste.
You feel yourself speed up.
* * * LOW HITPOINT WARNING * * *
You feel sick. Dowan barely misses you. Duvessa misses you.
Your magical effects are unravelling.
You feel magically purged.
Your magical contamination has completely faded away.
You feel sluggish.
You feel yourself slow down.
You flicker back into view.
Dowan casts a spell at you. You resist. The puff of flame hits you.
You die...

.... .... .....
..ec. ......
######
......##....##
....§...$....#
..####.####.#
.......†5e@e.####
#.###)..####....#
#.### #....# g).
#....# ..a##
#..### ..# #..#
.. #..# #..# #..#


You could see Duvessa, Dowan and a crimson imp.

Vanquished Creatures
  2 ogres
  2 centaurs
  A crimson imp (D:3)
  A gnoll shaman (D:4)
  Jessica (D:3)
  An iguana (D:4)
  A worker ant (D:4)
  A hound skeleton (D:3)
  Robin (D:2)
  8 gnolls
  4 adders
  An ooze (D:2)
  6 worms
  3 dart slugs
  4 leopard geckos
  5 orcs (D:3)
  2 giant cockroaches (D:1)
  15 goblins
  13 hobgoblins
  4 jackals (D:2)
  A quokka (D:2)
  3 bats
  3 frilled lizards
  8 kobolds
  A leopard gecko skeleton (D:4)
  6 rats
98 creatures vanquished.

Notes
Turn   | Place    | Note
-------+----------+-------------------------------------------
     0 | D:1      | funkygono the Fairy Conjurer began the quest for the Orb.
     0 | D:1      | Reached XP level 1. HP: 11/11 MP: 6/6
   163 | D:1      | Reached skill level 5 in Conjurations
   168 | D:1      | Reached XP level 2. HP: 17/17 MP: 7/7
   361 | D:1      | Learned a level 2 spell: Searing Ray
   423 | D:1      | Reached XP level 3. HP: 13/21 MP: 7/9
   702 | D:1      | Learned a level 3 spell: Iskenderun's Mystic Blast
   740 | D:2      | Found a glowing silver altar of Zin.
   747 | D:2      | Reached skill level 6 in Conjurations
   893 | D:2      | Reached XP level 4. HP: 18/27 MP: 8/11
  1035 | D:2      | Noticed Robin
  1043 | D:2      | Killed Robin
  1210 | D:2      | Found a sacrificial altar of Ru.
  1932 | D:3      | Reached XP level 5. HP: 31/31 MP: 12/12
  1942 | D:3      | Noticed a centaur
  1953 | D:3      | Killed a centaur
  1953 | D:3      | Reached skill level 7 in Conjurations
  2109 | D:3      | Noticed an ogre
  2123 | D:3      | Reached skill level 5 in Spellcasting
  2123 | D:3      | Reached XP level 6. HP: 25/36 MP: 15/15
  2713 | D:3      | Found a hazy altar of Hepliaklqana.
  2772 | D:3      | Noticed Jessica
  2775 | D:3      | Killed Jessica
  3073 | D:4      | Found a sparkling altar of Nemelex Xobeh.
  3134 | D:4      | Found a shattered altar of Ashenzari.
  3165 | D:4      | Reached XP level 7. HP: 42/42 MP: 14/18
  3169 | D:4      | Reached skill level 8 in Conjurations
  3170 | D:4      | Noticed Duvessa
  3170 | D:4      | Noticed Dowan
  3198 | D:4      | HP: 2/42 [poisoned by Dowan]
  3199 | D:4      | Killed from afar by Dowan

Skill      XL: |  1  2  3  4  5  6  7 |
---------------+----------------------+-----
Conjurations   | 5 6 7 8 |  8.3
Dodging        | 3 |  3.6
Spellcasting   | 3 5 6 7 |  7.0
Fighting       | |  0.6
Stealth        | |  1.7

Action                   |  1- 3 |  4- 6 |  7- 9 || total
-------------------------+-------+-------+-------++-------
Melee: Short sword       |       |     1 |       ||     1
 Cast: Magic Dart        |    62 |    93 |       ||   155
       Searing Ray       |     3 |    10 |     3 ||    16
       Iskenderun's Myst |     1 |       |     5 ||     6
  Use: Scroll            |     4 |     4 |       ||     8
       Potion            |       |       |     4 ||     4
  Eat: Chunk             |    18 |     6 |       ||    24
Armor: Skin              |     1 |     7 |     1 ||     9
Dodge: Dodged            |    10 |    24 |    14 ||    48
Block: Other             |       |    11 |     8 ||    19
